 Dungeon Crawl Stone Soup version 0.23.1-37-gaa34b87b72 (webtiles) character file.

Game seed: 12600904115989078846

2179 PentaManta the Slinger (level 9, 0/62 HPs)
             Began as a Halfling Hunter on Mar 25, 2019.
             Was a Follower of Okawaru.
             Succumbed to a killer bee's poison
             ... on level 8 of the Dungeon.
             The game lasted 00:09:15 (5530 turns).

PentaManta the Slinger (Halfling Hunter)            Turns: 5530, Time: 00:09:15

Health: 0/62       AC:  3    Str: 20    XL:     9   Next: 58%
Magic:  9/9        EV: 20    Int:  9    God:    Okawaru [*.....]
Gold:   262        SH:  0    Dex: 16    Spells: 8/8 levels left

rFire    . . .     SeeInvis .   E - +2 dagger (venom)
rCold    . . .     Gourm    .   (shield restricted)
rNeg     . . .     Faith    .   h - +0 leather armour (curse)
rPois    .         Spirit   .   (no helmet)
rElec    .         Reflect  .   (no cloak)
rCorr    .         Harm     .   (no gloves)
MR       .....                  (no boots)
Stlth    ++........             (no amulet)
HPRegen  0.20/turn              (no ring)
MPRegen  0.11/turn              (no ring)

@: mighty, lethally poisoned (0 -> -5)
A: small, mutation resistance 1
a: Heroism, Renounce Religion


You were on level 8 of the Dungeon.
You worshipped Okawaru.
Okawaru was aware of your devotion.
You were not hungry.

You visited 1 branch of the dungeon, and saw 8 of its levels.

You collected 262 gold pieces.

Inventory:

Hand Weapons
 a - a +1 hunting sling
 E - a +2 dagger of venom (weapon)
Missiles
 k - 177 stones (quivered)
Armour
 h - a cursed +0 leather armour (worn)
 y - a +0 cloak
Jewellery
 t - an uncursed ring of fire {unknown}
 w - an uncursed ring of see invisible {unknown}
Wands
 d - a wand of random effects (17)
 r - a wand of digging (2)
 x - a wand of scattershot (1)
 B - a wand of paralysis (10)
 D - a wand of flame (18)
Scrolls
 e - 4 scrolls of remove curse {unknown}
 g - 3 scrolls of random uselessness {unknown}
 i - 2 scrolls of fear {unknown}
 j - 10 scrolls of identify {unknown}
 l - 2 scrolls of amnesia {unknown}
 n - 3 scrolls of teleportation {unknown}
 p - a scroll of enchant weapon {unknown}
 s - a scroll of vulnerability {unknown}
 v - 2 scrolls of enchant armour {unknown}
Potions
 b - a potion of haste {unknown}
 c - 2 potions of might
 m - 2 potions of heal wounds {unknown}
 o - a potion of cancellation {unknown}
 q - a potion of agility {unknown}
 u - a potion of lignification {unknown}
 A - a potion of degeneration {unknown}
Comestibles
 f - 12 rations


   Skills:
 + Level 6.2 Fighting
 - Level 12.0 Slings
 + Level 7.5 Dodging
 - Level 1.1 Stealth


You had 8 spell levels left.
You didn't know any spells.
Your spell library contained the following spells:

 Spells                   Type           Power        Failure   Level  Hunger
 Confusing Touch          Hex            #.....       43%         1    ##.....
 Corona                   Hex            #......      43%         1    ##.....
 Ensorcelled Hibernation  Hex/Ice        #.....       58%         2    ###....
 Confuse                  Hex            #.......     82%         3    ####...
 Dazzling Spray           Conj/Hex       #.....       82%         3    ####...
 Gell's Gravitas          Tloc           #.........   82%         3    ####...
 Tukima's Dance           Hex            #.......     82%         3    ####...
 Petrify                  Tmut/Erth      #.......     99%         4    #####..
 Metabolic Englaciation   Hex/Ice        #.........   100%        5    ######.
 Yara's Violent Unravell  Hex/Tmut       #.........   100%        5    ######.


Dungeon Overview and Level Annotations

Branches:
Dungeon (7/15)
 Temple: D:4-7

Altars:
Okawaru
Trog


Innate Abilities, Weirdness & Mutations

You are small and have problems with some larger weapons.
You are somewhat resistant to further mutation.


Message History

The killer bee closely misses you.
You feel sick. The orc closely misses you. The killer bee misses you.
You closely miss the killer bee.
The killer bee is lightly wounded.
You feel sick. The killer bee misses you. x3
You hit the killer bee.
The killer bee is poisoned.
The killer bee is heavily wounded.
You feel sick. The killer bee misses you.
The killer bee stings you but does no damage.
The orc hits you with a +0 mace.
* * * LOW HITPOINT WARNING * * *
The killer bee closely misses you. The killer bee completely misses you.
You hit the killer bee.
The killer bee is almost dead.
The killer bee barely misses you. x2; The orc closely misses you.
The killer bee closely misses you. The killer bee stings you.
* * * LOW HITPOINT WARNING * * *
It was a potion of might.
You feel very mighty all of a sudden.
You die...

#.#####(# #####.# .......(#
#.# #.#####.# #.###### #.#
#.#....# #.##### #.#.##.##
#..†).# #.#....[.
#....##.... #.#.####.
####..oy##....##........
......y@.#....####.#####
######...#....# #.# #
#...#....# #.#####
#...#....# #.))...
..#######...#....##########
........'...+..............
......###..[#....##########
.>..........[)......).).†).
.#.##.#####################


You could see 2 killer bees and an orc.

Vanquished Creatures
  Sigmund (D:6)
  A black bear (D:4)
  2 sky beasts (D:6)
  An orc warrior (D:8)
  3 ogres
  A centaur (D:6)
  A big kobold (D:8)
  3 bullfrogs
  2 scorpions
  4 killer bees (D:8)
  3 howler monkeys
  A crimson imp (D:7)
  2 jellies
  2 orc priests
  A centaur skeleton (D:5)
  4 orc wizards
  Jessica (D:2)
  An iguana (D:5)
  4 worker ants
  10 adders
  A shadow imp (D:6)
  2 oozes (D:1)
  An adder skeleton (D:4)
  A dart slug (D:2)
  3 leopard geckos
  17 orcs
  A ball python (D:7)
  7 bats
  5 giant cockroaches
  9 goblins
  8 hobgoblins
  5 jackals
  14 kobolds
  3 quokkas
  4 frilled lizards
  A jackal skeleton (D:8)
  A quokka skeleton (D:4)
  8 rats
139 creatures vanquished.

Vanquished Creatures (others)
  A wizard (D:6)
1 creature vanquished.

Grand Total: 140 creatures vanquished

Notes
Turn   | Place    | Note
-------+----------+-------------------------------------------
     0 | D:1      | PentaManta the Halfling Hunter began the quest for the Orb.
     0 | D:1      | Reached XP level 1. HP: 14/14 MP: 1/1
    49 | D:1      | Reached skill level 6 in Slings
    53 | D:1      | Reached XP level 2. HP: 19/19 MP: 2/2
   394 | D:1      | Reached XP level 3. HP: 24/24 MP: 3/3
   918 | D:2      | Noticed Jessica
   923 | D:2      | Killed Jessica
   923 | D:2      | Reached skill level 7 in Slings
   923 | D:2      | Reached XP level 4. HP: 30/30 MP: 4/4
  1061 | D:2      | Reached XP level 5. HP: 26/35 MP: 5/5
  2101 | D:3      | Reached skill level 8 in Slings
  2101 | D:3      | Reached XP level 6. HP: 31/41 MP: 6/6
  2977 | D:4      | Noticed a black bear
  3018 | D:4      | Killed a black bear
  3018 | D:4      | Reached skill level 9 in Slings
  3018 | D:4      | Reached XP level 7. HP: 21/46 MP: 7/7
  3186 | D:5      | Entered Level 5 of the Dungeon
  3384 | D:5      | Reached skill level 10 in Slings
  3522 | D:5      | Reached XP level 8. HP: 54/54 MP: 8/8
  3574 | D:5      | You fall through a shaft!
  3577 | D:6      | Reached skill level 5 in Dodging
  3977 | D:6      | Reached skill level 11 in Slings
  4381 | D:6      | Found a bloodstained altar of Trog.
  4383 | D:6      | Noticed a wizard
  4388 | D:6      | Killed a wizard
  4907 | D:6      | Found an iron altar of Okawaru.
  4909 | D:6      | Noticed Sigmund
  4913 | D:6      | Killed Sigmund
  4913 | D:6      | Reached skill level 5 in Fighting
  4913 | D:6      | Reached XP level 9. HP: 53/61 MP: 9/9
  4923 | D:6      | Became a worshipper of Warmaster Okawaru
  5163 | D:7      | Reached skill level 12 in Slings
  5314 | D:7      | You fall through a shaft!
  5505 | D:8      | Reached * piety under Okawaru
  5529 | D:8      | HP: 1/62 [killer bee (3)]
  5530 | D:8      | Succumbed to a killer bee's poison

Skill      XL: |  1  2  3  4  5  6  7  8  9 |
---------------+----------------------------+-----
Slings         | 6 7 8 9 10 11 12 | 12.0
Fighting       | 2 3 4 5 6 |  6.2
Dodging        | 3 4 6 7 |  7.5
Stealth        | |  1.1

Action                   |  1- 3 |  4- 6 |  7- 9 || total
-------------------------+-------+-------+-------++-------
Melee: Dagger            |       |       |    14 ||    14
 Fire: Hunting sling     |    69 |   147 |   346 ||   562
Evoke: Wand              |       |     2 |     3 ||     5
  Use: Potion            |       |       |     1 ||     1
  Eat: Chunk             |       |     4 |     6 ||    10
       Ration            |       |       |     1 ||     1
Armor: Leather armour    |     3 |    10 |    14 ||    27
Dodge: Dodged            |    17 |    37 |   110 ||   164
